 Dungeon Crawl Stone Soup version 0.31.0-12-g77e489cdc1 (webtiles) character file.

Game seed: 10758937428199324637

98 Bobsterar the Changeling (level 4, -4/43 HPs)
             Began as an Octopode Shapeshifter on Mar 7, 2024.
             Succumbed to a goblin's poison
             ... while paralysed by Ijyb
             ... on level 3 of the Dungeon.
             The game lasted 00:02:31 (1159 turns).

Bobsterar the Changeling (Octopode Shapeshifter)    Turns: 1159, Time: 00:02:32

Health: -4/43      AC: 22    Str: 15    XL:     4   Next: 71%
Magic:  5/5        EV:  2    Int: 12    God:
Gold:   56         SH:  0    Dex: 11    Spells: 5/5 levels left

rFire   . .          .
                       - Unarmed
rCold   . . .        (no shield)
rNeg    . . .        (helmet currently unavailable)
rPois   +            (no amulet)
rElec   .            (no ring)
rCorr   .            (no ring)
SInv    .            (no ring)
Will    .....        (no ring)
Stlth   +            (no ring)
HPRegen 0.27/turn    (no ring)
MPRegen 0.09/turn    (no ring)
                     (no ring)

%: no passive effects
@: paralysed, lethally poisoned (-4 -> -24), tree-form
A: stationary, stasis, torment immunity, boosted hp, almost no armour,
(amphibious), 8 rings, (camouflage 1), (gelatinous body 1), (nimble swimmer 1),
(tentacles)
a: no special abilities


You were on level 3 of the Dungeon.
You were a tree.
You visited 1 branch of the dungeon, and saw 3 of its levels.

You collected 56 gold pieces.

Inventory:

Jewellery
 h - an amulet of faith
Talismans
 b - a beast talisman (active)
 c - a flux talisman
Scrolls
 e - a scroll of revelation {unknown}
 f - a scroll of fog {unknown}
 g - a scroll of teleportation
 i - a scroll of torment {unknown}
 j - a scroll of blinking {unknown}
 m - a scroll of summoning {unknown}
Potions
 d - 3 potions of berserk rage {unknown}
 k - a potion of resistance {unknown}
 l - a potion of invisibility {unknown}


   Skills:
 + Level 1.9 Fighting
 + Level 2.5 Dodging
 + Level 3.4 Unarmed Combat
 + Level 1.2 Spellcasting
 * Level 3.8 Shapeshifting


You had 5 spell levels left.
You didn't know any spells.
Your spell library contained the following spells:

 Spells                   Type           Power      Damage    Failure   Level
 Sublimation of Blood     Necr           0%         N/A       41%         2
 Petrify                  Alch/Erth      0%         N/A       96%         4
 Irradiate                Conj/Alch      0%         3d11      100%        5


Dungeon Overview and Level Annotations

Branches:
Dungeon (3/15)

Altars:

Annotations:
D:3 Ijyb


Innate Abilities, Weirdness & Mutations

You are a tree.
Your roots penetrate the ground, keeping you stationary.
You cannot be teleported.
You are immune to unholy pain and torment.
Your maximum health is greatly increased.
You cannot wear most types of armour.
((You are amphibious.))
You can wear up to eight rings at the same time.
((Your skin changes colour to match your surroundings (Stealth+).))
((Your rubbery body absorbs attacks. (AC +1, EV +1)))
((You are camouflaged when in or above water. (Stealth+)))
((You have tentacles for arms and can constrict up to eight enemies at once.))


Message History

The frilled lizard bites you but does no damage.
Ijyb hits you but does no damage.
You barely miss Ijyb. You punch Ijyb.
Ijyb is lightly wounded.
You feel sick.
The goblin hits you with a +4 dagger of venom.
You are more poisoned.
The goblin hits you but does no damage. x2
The frilled lizard bites you but does no damage.
Ijyb hits you with a +0 club.
Unknown command.
You are too injured to fight recklessly!
You closely miss the goblin.
You feel sick. The goblin hits you but does no damage.
You are more poisoned.
The goblin hits you but does no damage. Ijyb hits you but does no damage.
The frilled lizard bites you but does no damage.
The goblin hits you but does no damage.
You smack the goblin!
You kill the goblin!
You feel very sick. The goblin hits you but does no damage.
You are lethally poisoned!
The frilled lizard bites you but does no damage.
Ijyb zaps a wand.
You suddenly lose the ability to move!
The goblin hits you but does no damage.
* * * LOW HITPOINT WARNING * * *
You feel very sick. The goblin hits you but does no damage.
You are more poisoned.
The frilled lizard bites you but does no damage.
The goblin hits you but does no damage. Ijyb hits you but does no damage.
* * * LOW HITPOINT WARNING * * *
You feel very sick. The goblin hits you but does no damage.
The frilled lizard bites you.
* * * LOW HITPOINT WARNING * * *
The goblin hits you with a +0 club.
* * * LOW HITPOINT WARNING * * *
Ijyb barely misses you.
You die...

#########
#..|.$..#
#8....?8#
#..$....#
#8.....8#
#.......#
#8..ggg8#
#...)♣).#
#8..)l.8#
..........#
####........
#...#.####
###. .# #.
.# #. .#


You could see Ijyb, 2 goblins and a frilled lizard.

Vanquished Creatures
  Natasha (twice) (D:2)
  2 dart slugs
  6 bats
  2 endoplasms (D:1)
  2 giant cockroaches (D:1)
  8 goblins
  2 hobgoblins (D:2)
  2 jackals (D:1)
  A quokka (D:2)
  2 ball pythons
  5 frilled lizards
  4 kobolds
  5 rats
43 creatures vanquished.

Notes
Turn   | Place    | Note
-------+----------+-------------------------------------------
     0 | D:1      | Bobsterar the Octopode Shapeshifter began the quest for the
                  | Orb.
     0 | D:1      | Reached XP level 1. HP: 13/13 MP: 1/1
   137 | D:1      | Reached XP level 2. HP: 16/18 MP: 2/2
   545 | D:2      | Reached XP level 3. HP: 23/23 MP: 4/4
   718 | D:2      | Noticed Natasha
   725 | D:2      | Killed Natasha
   726 | D:2      | Reached skill level 1 in Spellcasting
   726 | D:2      | Reached XP level 4. HP: 28/28 MP: 5/5
  1013 | D:2      | Noticed Natasha
  1021 | D:2      | Killed Natasha
  1143 | D:3      | Noticed Ijyb
  1143 | D:3      | Paralysed by Ijyb for 4 turns
  1156 | D:3      | Paralysed by Ijyb for 5 turns
  1158 | D:3      | HP: 1/43 [goblin/+0 club (2)]
  1159 | D:3      | Succumbed to a goblin's poison

Illustrated notes

Levels and vault maps discovered:
D:1:      giann_wishing_wells, layout_rooms, minmay_misc_feat_enclosed
D:2:      layout_basic, minmay_tetromino_o2, uniq_natasha
D:3:      kennysheep_the_goblin_king, layout_loops_ring

Skill      XL: |  1  2  3 |
---------------+----------+-----
Spellcasting   | 1 |  1.2
Fighting       | |  1.9
Dodging        | |  2.5
Unarmed Combat | |  3.4
Shapeshifting  | |  3.8

Action                     |  1- 3 |  4- 6 || total
---------------------------+-------+-------++-------
  Melee: Unarmed           |    49 |    30 ||    79
         Constrict         |    13 |     6 ||    19
         Tentacles         |     8 |     2 ||    10
         Punch             |       |     2 ||     2
    Use: Scroll            |       |     1 ||     1
         Potion            |       |     1 ||     1
   Stab: Sleeping          |     7 |     2 ||     9
 Armour: Skin              |    13 |    51 ||    64
  Dodge: Dodged            |    23 |    19 ||    42
   Form: Beast             |     1 |       ||     1
